 Dungeon Crawl Stone Soup version 0.25.0-11-g1f837a76a1 (console) character file.

Game seed: 6027339156247449699

89 bli the Skirmisher (level 4, -3/38 HPs)
             Began as a Formicid Monk on June 25, 2020.
             Slain by Crazy Yiuf
             ... wielding a +4 quarterstaff of chaos
              (11 damage)
             ... on level 2 of the Dungeon.
             The game lasted 00:07:06 (2453 turns).

bli the Skirmisher (Formicid Monk)                  Turns: 2453, Time: 00:07:07

Health: -3/38      AC:  4    Str: 15    XL:     4   Next: 84%
Magic:  1/4        EV: 13    Int: 10    God:
Gold:   157        SH:  0    Dex: 14    Spells: 3/3 levels left

rFire    . . .     SeeInvis +   a - +3 whip
rCold    . . .     Gourm    .   (no shield)
rNeg     + . .     Faith    .   j - +0 robe
rPois    .         Spirit   .   (helmet unavailable)
rElec    .         Reflect  .   h - +0 cloak
rCorr    .         Harm     .   (no gloves)
MR       .....                  p - +0 pair of boots
Stlth    ++........             (no amulet)
HPRegen  0.12/turn              r - ring of positive energy
MPRegen  0.09/turn              (no ring)

@: no status effects
A: permanent stasis, dig shafts and tunnels, four strong arms, antennae 3
a: Dig, Shaft Self


You were on level 2 of the Dungeon.
You were not hungry.

You visited 1 branch of the dungeon, and saw 4 of its levels.

You collected 157 gold pieces.

Inventory:

Hand Weapons
 a - a +3 whip (weapon)
 b - a +1 flail of protection
 n - a +0 hunting sling
 q - a +0 mace
Missiles
 i - 36 sling bullets
 m - 7 curare-tipped darts (quivered)
Armour
 h - a +0 cloak (worn)
 j - a +0 robe (worn)
 p - a +0 pair of boots (worn)
Jewellery
 r - a ring of positive energy (left hand)
Wands
 s - a wand of acid (9)
Scrolls
 d - 2 scrolls of enchant weapon {unknown}
 e - 2 scrolls of teleportation {unknown}
 l - a scroll of enchant armour {unknown}
 u - a scroll of identify {unknown}
 w - 2 scrolls of remove curse {unknown}
Potions
 f - a potion of stabbing {unknown}
 g - a potion of curing {unknown}
 o - a potion of mutation {unknown}
 t - a potion of magic {unknown}
 v - a potion of berserk rage {unknown}
Comestibles
 c - 5 rations
 k - 5 chunks of flesh


   Skills:
 * Level 4.7 Fighting
 + Level 4.1 Maces & Flails
 + Level 2.7 Dodging
 + Level 2.4 Stealth


You had 3 spell levels left.
You didn't know any spells.
Your spell library was empty.

Dungeon Overview and Level Annotations

Branches:
Dungeon (4/15)
 Temple: D:4-7

Altars:

Annotations:
D:2 Crazy Yiuf
D:4 Dowan, Duvessa, Natasha


Innate Abilities, Weirdness & Mutations

You cannot be hasted, slowed, berserked, paralysed or teleported.
You can dig through walls and to a lower floor.
Your four strong arms can wield two-handed weapons with a shield.
You have a pair of large antennae on your head. (SInv)


Message History

You open the door.
Crazy Yiuf hits you with a +4 quarterstaff of chaos!
You feel your power leaking away.
There is an open translucent door here.
You hit Crazy Yiuf.
Crazy Yiuf is lightly wounded.
Crazy Yiuf hits you with a +4 quarterstaff of chaos.
You hit Crazy Yiuf.
Crazy Yiuf is moderately wounded.
Crazy Yiuf closely misses you.
You closely miss Crazy Yiuf.
Crazy Yiuf is moderately wounded.
Crazy Yiuf grits, "Nubble bag Hive!"
Crazy Yiuf hits you with a +4 quarterstaff of chaos!
Crazy Yiuf burns you.
* * * LOW HITPOINT WARNING * * *
You closely miss Crazy Yiuf.
Crazy Yiuf is moderately wounded.
Crazy Yiuf hits you with a +4 quarterstaff of chaos!
You die...

..........................##.##.#
...###########....##########.##.#
#..## #+..+# #.......##÷# .....
♣..♣.♣ ######.###.# #..### ♣...♣♣
#..##.. #... ♣♣.♣♣ ##..... #.###
♣.♣♣ #.#.#. ÷.# ♣♣.♣ #..... ###
♣.♣♣ #######.#.#. ♣♣.♣
#........... #@# #.......#.#)
#.g.# #######..... #...# ######
#..)# #####


You could see Crazy Yiuf.

Vanquished Creatures
  Terence (D:2)
  2 adders (D:2)
  5 worms (D:2)
  A dart slug (D:1)
  5 bats
  3 giant cockroaches
  3 hobgoblins
  2 jackals (D:3)
  3 frilled lizards
  A goblin (D:1)
  2 kobolds
  6 rats
34 creatures vanquished.

Notes
Turn   | Place    | Note
-------+----------+-------------------------------------------
     0 | D:1      | bli the Formicid Monk began the quest for the Orb.
     0 | D:1      | Reached XP level 1. HP: 18/18 MP: 1/1
   245 | D:1      | You fall into a shaft and drop 1 floor!
   547 | D:4      | Noticed Natasha
   547 | D:4      | Noticed Duvessa
   547 | D:4      | Noticed Dowan
   547 | D:4      | Noticed an orc wizard
   830 | D:3      | Reached XP level 2. HP: 25/25 MP: 2/2
   955 | D:2      | Reached XP level 3. HP: 21/30 MP: 3/3
  1147 | D:2      | Noticed Terence
  1175 | D:2      | Killed Terence
  1175 | D:2      | Reached XP level 4. HP: 14/38 MP: 4/4
  2444 | D:2      | Found a runed translucent door.
  2445 | D:2      | Noticed Crazy Yiuf
  2453 | D:2      | Slain by Crazy Yiuf

Illustrated notes

Levels and vault maps discovered:
D:1:      grunt_arrival_crossed_arrows, layout_loops_cross
D:2:      layout_loops_ring, lemuel_doored_altar, serial_glass, glass_columns_a,
          glass_columns_a, glass_columns_b, glass_columns_b, glass_columns_b,
          glass_columns_a, glass_columns_b, glass_columns_b, first_ration,
          eino_tiny_chamber, uniq_terence, uniq_crazy_yiuf_cottage
D:3:      wander_river, layout_loops_cross
D:4:      layout_basic, nicolae_overflow_crystal_walls,
          minmay_temple_entry_statues_fountains, serial_shops, shop,
          uniq_natasha, uniq_duvessa, uniq_robin

Skill      XL: |  1  2  3  4 |
---------------+-------------+-----
Fighting       | 4 |  4.7
Maces & Flails | 4 |  4.1
Dodging        | |  2.7
Stealth        | |  2.4

Action                   |  1- 3 |  4- 6 || total
-------------------------+-------+-------++-------
Melee: Mace              |    16 |       ||    16
       Whip              |    62 |    63 ||   125
 Stab: Sleeping          |     1 |     4 ||     5
  Eat: Chunk             |     1 |     4 ||     5
Armor: Robe              |     9 |    10 ||    19
Dodge: Dodged            |    51 |    23 ||    74
